 Dungeon Crawl Stone Soup version 0.32-a0-673-g3729bd50f8 (webtiles) character file.

Game seed: 15069283347365853941

242772 shadizar the Metallomancer (level 19, -6/116 HPs)
             Began as a Gargoyle Earth Elementalist on Mar 10, 2024.
             Was the Champion of Vehumet.
             Shot with an arrow by a centaur warrior (16 damage)
             ... on level 1 of the Vaults.
             The game lasted 01:35:25 (43183 turns).

shadizar the Metallomancer (GrEE)                  Turns: 43183, Time: 01:35:26

Health: -6/116     AC: 31    Str: 13    XL:     19   Next: 39%
Magic:  36/44      EV: 21    Int: 28    God:    Vehumet [******]
Gold:   628        SH:  9    Dex: 23    Spells: 6/42 levels left

rFire   + . .        d - staff of conjuration
rCold   + + +        F - +3 buckler "Rehal" {Str+2 Dex+3}
rNeg    + . .        H - +4 skin of Zhor {*Englaciate rC+++ SInv}
rPois   ∞            l - +2 helmet
rElec   +            g - scarf of Ygud {shadows, Int+3 Dex+4}
rCorr   +            m - +2 pair of gloves
SInv    +            W - +2 pair of boots
Will    +....        D - amulet of Borruete {rPois RegenMP+ rCorr}
Stlth   +++          n - ring "Zageynuz" {+Blink rF+ MP+9 Dex+6}
HPRegen 0.39/turn    L - +5 ring of evasion
MPRegen 0.69/turn

%: no passive effects
@: flying
A: sickness immunity, AC +14, big wings, negative energy resistance 1,
electricity resistance, torment resistance 1, petrification resistance
}: 2/15 runes: decaying, gossamer
a: Renounce Religion, Evoke Blink


You were on level 1 of the Vaults.
You worshipped Vehumet.
Vehumet was exalted by your worship.
You visited 7 branches of the dungeon, and saw 32 of its levels.
You also visited: Ice Cave.

You collected 2635 gold pieces.
You spent 2007 gold pieces at shops.

Inventory:

Missiles
 u - 16 javelins
Armour
 g - the scarf of Ygud (worn) {shadows, Int+3 Dex+4}
   (You bought it in a shop on level 2 of the Orcish Mines)

   Int+3:     It affects your intelligence (+3).
   Dex+4:     It affects your dexterity (+4).
 l - a +2 helmet (worn)
 m - a +2 pair of gloves (worn)
 F - the +3 buckler "Rehal" (worn) {Str+2 Dex+3}
   (You found it on level 5 of the Lair of Beasts)

   Str+2:     It affects your strength (+2).
   Dex+3:     It affects your dexterity (+3).
 H - the +4 skin of Zhor (worn) {*Englaciate rC+++ SInv}
   (You found it in an ice cave)

   *Englaciate: It radiates cold, occasionally slowing all nearby creatures who
   are not resistant to cold.
   rC+++:     It renders you almost immune to cold.
   SInv:      It lets you see invisible.
 K - a scarf of repulsion
 T - the +1 cloak "Xupsi" {rElec rPois}
   (You found it on level 5 of the Lair of Beasts)

   rElec:     It insulates you from electricity.
   rPois:     It protects you from poison.
 W - a +2 pair of boots (worn)
Magical Staves
 d - a staff of conjuration (weapon)
 E - a staff of earth
 O - a staff of fire
Jewellery
 b - a ring of protection from fire
 j - a ring of protection from fire
 n - the ring "Zageynuz" (left hand) {+Blink rF+ MP+9 Dex+6}
   (You bought it in a shop on level 2 of the Dungeon)

   [ring of dexterity]

   Dex+6:     It affects your dexterity (+6).
   rF+:       It protects you from fire.
   MP+9:      It affects your magic capacity (+9).
   +Blink:    It lets you blink.
 D - the amulet of Borruete (around neck) {rPois RegenMP+ rCorr}
   (You bought it in a shop on level 2 of the Dungeon)

   [amulet of magic regeneration]

   It increases your rate of magic regeneration.
   rPois:     It protects you from poison.
   rCorr:     It protects you from acid and corrosion.
   RegenMP+:  It increases your rate of magic regeneration.
 L - a +5 ring of evasion (right hand)
 P - a +4 ring of protection
 S - a +6 ring of strength
 X - a ring of willpower
Wands
 k - a wand of quicksilver (28)
 w - a wand of mindburst (28)
 x - a wand of warping (13)
 z - a wand of charming (46)
 Q - a wand of polymorph (13)
 R - a wand of flame (29)
Scrolls
 c - 2 scrolls of revelation
 e - a scroll of immolation
 f - 3 scrolls of summoning
 p - 5 scrolls of identify
 r - 2 scrolls of vulnerability
 s - a scroll of enchant armour
 t - 3 scrolls of fog
 y - 4 scrolls of poison
 C - 12 scrolls of teleportation
 J - a scroll of amnesia
 Y - a scroll of blinking
Potions
 a - 5 potions of haste
 h - 8 potions of enlightenment
 i - 7 potions of might
 o - 5 potions of resistance
 q - 12 potions of curing
 v - a potion of attraction
 A - 5 potions of ambrosia
 G - 5 potions of invisibility
 I - 3 potions of brilliance
 M - 4 potions of heal wounds
 N - a potion of cancellation
 Z - a potion of magic
Miscellaneous
 B - a lightning rod (4/4)


   Skills:
 - Level 12.2 Fighting
 - Level 7.0 Armour
 - Level 6.3 Dodging
 - Level 2.1 Stealth
 - Level 4.1 Shields
 - Level 12.4 Spellcasting
 - Level 18.2 Conjurations
 - Level 12.0 Translocations
 + Level 23.0 Earth Magic


You had 6 spell levels left.
You knew the following spells:

 Your Spells              Type           Power      Damage    Failure   Level
a - Sandblast             Erth           100%       2d20      0%          1
b - Stone Arrow           Conj/Erth      100%       3d13      0%          3
c - Iskenderun's Mystic   Conj/Tloc      100%       2d19      1%          4
d - Lee's Rapid Deconstr  Erth           49%        3d23*     0%          5
e - Bombard               Conj/Erth      57%        9d9       1%          6
f - Lehudib's Crystal Sp  Conj/Erth      57%        10d13     1%          8
g - Shatter               Erth           49%        3d37*     9%          9

Your spell library contained the following spells:

 Spells                   Type           Power      Damage    Failure   Level
 Polar Vortex             Ice            8%         12d1*     100%        9
 Magic Dart               Conj           100%       1d8       0%          1
 Searing Ray              Conj           100%       2d8       0%          2
 Passwall                 Erth           98%        N/A       0%          3
 Brom's Barrelling Bould  Conj/Erth      100%       2d11      0%          4
 Apportation              Tloc           100%       N/A       1%          1
 Blink                    Tloc           100%       N/A       1%          2
 Lesser Beckoning         Tloc           100%       N/A       1%          2
 Mercury Vapours          Alch/Air       34%        N/A       1%          2
 Static Discharge         Conj/Air       100%       3-8/arc   1%          2
 Dazzling Flash           Conj/Hex       100%       N/A       1%          3
 Gell's Gravitas          Tloc           71%        N/A       1%          3
 Teleport Other           Tloc           71%        N/A       1%          3
 Volatile Blastmotes      Fire/Tloc      100%       2d18      1%          3
 Fulminant Prism          Conj/Alch      40%        3d19      1%          4
 Leda's Liquefaction      Alch/Erth      35%        N/A       1%          4
 Petrify                  Alch/Erth      70%        N/A       1%          4
 Arcjolt                  Conj/Air       40%        1d50      1%          5
 Borgnjor's Vile Clutch   Necr/Erth      35%        N/A       1%          5
 Irradiate                Conj/Alch      40%        3d25      1%          5
 Iskenderun's Battlesphe  Conj           100%       2d15      1%          5
 Dimensional Bullseye     Hex/Tloc       25%        N/A       3%          4
 Vhi's Electric Charge    Tloc/Air       100%       N/A       3%          4
 Slow                     Hex            68%        N/A       4%          1
 Starburst                Conj/Fire      40%        6d11      4%          6
 Call Imp                 Summ           34%        N/A       6%          2
 Jinxbite                 Hex            34%        N/A       6%          2
 Call Canine Familiar     Summ           17%        N/A       12%         3
 Confusing Touch          Hex            17%        N/A       12%         3
 Ozocubu's Armour         Ice            17%        N/A       12%         3
 Sigil of Binding         Hex            17%        N/A       12%         3
 Swiftness                Air            17%        N/A       12%         3
 Vampiric Draining        Necr           17%        2d7       12%         3
 Animate Dead             Necr           17%        N/A       38%         4
 Dispel Undead            Necr           17%        3d10      38%         4
 Martyr's Knell           Necr/Summ      17%        N/A       38%         4
 Alistair's Intoxication  Alch           11%        N/A       75%         5
 Metabolic Englaciation   Hex/Ice        8%         N/A       75%         5
 Plasma Beam              Fire/Air       8%         2x1d19    80%         6
 Death Channel            Necr           8%         N/A       99%         6
 Sculpt Simulacrum        Ice/Alch       8%         N/A       99%         6
 Spellforged Servitor     Conj/Summ      40%        N/A       21%         7
 Maxwell's Capacitive Co  Air            8%         ∞         100%        8
 Cigotuvi's Dreadful Rot  Necr/Alch/Air  Unusable   N/A       N/A         2
 Sublimation of Blood     Necr           Unusable   N/A       N/A         2

Dungeon Overview and Level Annotations

Branches:
Dungeon (15/15)            Temple (1/1) D:4            Lair (5/5) D:10
  Swamp (4/4) Lair:2       Spider (4/4) Lair:3        Slime (0/5) Lair:5
    Orc (2/2) D:10            Elf (0/3) Orc:2        Vaults (1/5) D:14
 Depths (0/4) D:15          IceCv (visited)

Altars:
Ashenzari
Cheibriados
Dithmenos
Elyvilon
Fedhas
Gozag
Hepliaklqana
Kikubaaqudgha
Makhleb
Nemelex Xobeh
Okawaru
Qazlal
Ru
Sif Muna
Trog
Uskayaw
Vehumet
Wu Jian
Xom
Yredelemnul
Zin
The Shining One
Beogh
Jiyva

Shops:
D:1 ?   D:2 =   D:4 :   D:7 ?   D:11 (   Orc:1 (   Orc:2 (=*[

Annotations:
D:4 2 transporters, Nilihum's ghost, amateur CoAr
D:7 1 runed translucent door, Crazy Yiuf
Spider:1 1 runed translucent door, Patate's ghost, journeyman MiGl
Spider:3 2 transporters, exclusion: orange crystal statue
Orc:1 3 runed translucent doors, Foklal's ghost, journeyman HOFi


Innate Abilities, Weirdness & Mutations

You are immune to sickness and miasma.
Your stone body is resilient. (AC +14)
You are immune to poison.
Your large and strong wings let you fly.
You resist negative energy. (rN+)
You are resistant to electric shocks. (rElec)
You are resistant to unholy torment.
You are immune to petrification.


Message History

A centaur warrior comes into view.
The centaur warrior unwields a +3 shortbow.
The centaur warrior hits you! The centaur warrior kicks you.
The centaur warrior shoots an arrow.
The arrow hits you!!
* * * LOW HITPOINT WARNING * * *
You hear a shout!
Unknown command.
Unknown command.
Unknown command.
Unknown command.
Unknown command.
Blink to where?
Press: ? - help, Dir - move target A vault sentinel comes into view.
It is wielding a +0 falchion.
As you read the scroll of blinking, it crumbles to dust.
The vault sentinel shouts!
You hear a horrible gurgling sound!
A green ugly thing comes into view.
Blink to where?
Press: ? - help, Dir - move target
As you read the scroll of blinking, it crumbles to dust.
You feel less batty.
Your staff of conjuration unmelds from your body.
The scarf of Ygud {shadows, Int+3 Dex+4} unmelds from your body.
Your +2 helmet unmelds from your body.
Your +2 pair of gloves unmelds from your body.
Your +2 pair of boots unmelds from your body.
The +3 buckler "Rehal" {Str+2 Dex+3} unmelds from your body.
The +4 skin of Zhor {*Englaciate rC+++ SInv} unmelds from your body.
The ring "Zageynuz" {+Blink rF+ MP+9 Dex+6} unmelds from your body.
Your +5 ring of evasion unmelds from your body.
It gets dark.
You feel agile.
Unknown command.
Unknown command.
Unknown command.
Unknown command.
You radiate an aura of cold.
The centaur warrior seems to slow down.
The centaur warrior shoots an arrow.
You block the arrow.
The centaur warrior shoots an arrow.
The arrow hits you!
You die...

#.#########.
#...........
#............
##............
#.............
##.............
#..............
####..............
........###@####.
........#.[....#
........#......#..#
........#......#..#
........#......#..#
........#...c..#..#
.....p..#..∩...#..#
.......§#......#..#
........#....[.'..#


You could see a centaur warrior (slow).

Vanquished Creatures
  Arachne (Spider:3)
  Nikola (Spider:2)
  Jorgrun (Spider:2)
  A tentacled monstrosity (Swamp:4)
  Frances (Spider:1)
  Gastronok (D:10)
  2 thorn hunters (Swamp:4)
  Aizul (Swamp:3)
  5 emperor scorpions
  An orc warlord (Orc:2)
  5 ghost moths
  6 broodmothers
  2 eleionomae
  6 bunyips
  Azrael (D:12)
  3 spark wasps
  7 entropy weavers
  2 fire dragons (Swamp:4)
  Josephine (Orc:1)
  A yaktaur captain (D:14)
  Harold (D:9)
  A great orb of eyes (Vaults:1)
  An ironbound frostheart (Vaults:1)
  2 ghost crabs
  8 alligators
  26 hydras
  2 radroaches
  A catoblepas (Lair:5)
  2 ogre magi (D:15)
  7 centaur warriors
  A dancing weapon (D:15)
  8 boulder beetles
  10 two-headed ogres
  4 death yaks
  A sphinx skeleton (D:15)
  A deep troll shaman (Lair:5)
  A vampire mage (D:15)
  Urug (D:13)
  2 orc high priests (Orc:2)
  A spriggan berserker (Swamp:3)
  4 demonic crawlers
  3 pharaoh ants
  A skyshark (Lair:5)
  Amaemon (D:9)
  5 orb spiders
  5 goliath frogs
  A storm dragon skeleton (D:15)
  5 spriggan druids
  7 skeletal warriors (D:15)
  9 swamp dragons
  2 bog bodies
  2 necromancers
  2 ironbound convokers (Vaults:1)
  3 lindwurms (Swamp:4)
  2 arcanists
  5 deep elf pyromancers
  25 wolf spiders
  6 steelbarb worms
  A harpy (shapeshifter) (D:15)
  4 ugly things
  8 orc knights
  5 cyclopes
  3 orc sorcerers (Orc:2)
  3 manticores (D:15)
  6 will-o-the-wisps
  A meliai (D:15)
  3 moths of wrath
  8 elephants
  4 kobold blastminers (Orc:1)
  An ice statue (IceCv)
  A vault sentinel (Vaults:1)
  10 torpor snails
  5 black mambas
  A gargoyle (D:11)
  Jeremiah (D:7)
  An orange demon (D:9)
  13 cane toads
  An efreet (D:14)
  7 rime drakes
  3 kobold demonologists
  6 freezing wraiths
  13 ice devils (IceCv)
  An unseen horror (D:12)
  4 yaktaurs
  An anaconda simulacrum (IceCv)
  A tengu conjurer (D:15)
  8 komodo dragons
  3 polar bears (Lair:5)
  A bloated husk (Swamp:1)
  8 tyrant leeches
  7 trolls
  A wolf spider simulacrum (D:15)
  17 hornets
  A spriggan zombie (D:15)
  30 tarantellas
  Prince Ribbit (D:6)
  28 blink frogs
  8 dream sheep
  5 slime creatures
  A vampire (D:13)
  28 jumping spiders
  35 culicivoras
  2 shadows
  A dire elephant simulacrum (IceCv)
  12 spriggans
  4 wyverns
  9 wraiths
  4 water elementals
  59 yaks
  13 vampire mosquitoes
  Grum (D:9)
  A warg (Orc:2)
  5 fire elementals
  3 fire bats (Swamp:4)
  3 steam dragons
  3 basilisks
  68 redbacks
  5 death yak simulacra (IceCv)
  A harpy simulacrum (IceCv)
  21 swamp worms
  A hydra simulacrum (IceCv)
  2 acid dragons
  18 water moccasins
  4 hell hounds (D:12)
  11 swamp drakes
  An ice beast (D:5)
  A sky beast (D:8)
  32 orc warriors
  3 black bears
  13 ogres
  22 wolves
  5 boggarts (Vaults:1)
  5 centaurs
  2 kobold brigands
  13 bullfrogs
  2 cane toad simulacra (IceCv)
  A two-headed ogre simulacrum (IceCv)
  2 gnoll sergeants
  3 scorpions
  17 wights
  4 elephant simulacra (IceCv)
  12 killer bees
  2 howler monkeys
  5 electric eels
  A bombardier beetle (D:4)
  9 jellies
  4 hounds
  13 orc priests
  Ijyb (D:5)
  5 iguanas
  Natasha (thrice) (D:2)
  31 orc wizards
  3 sleepcaps
  A spriggan simulacrum (IceCv)
  A troll simulacrum (IceCv)
  4 polar bear simulacra (IceCv)
  5 wolf simulacra (IceCv)
  Robin (D:2)
  8 gnolls
  10 adders
  9 white imps
  5 ufetubi
  A dart slug (D:3)
  2 ribbon worms
  81 orcs
  3 bats (D:2)
  7 endoplasms
  2 giant cockroaches
  7 hobgoblins
  7 jackals
  4 quokkas
  9 ball pythons
  2 frilled lizards
  14 goblins
  19 kobolds
  4 rats
  A spectral hobgoblin (D:9)
1189 creatures vanquished.

Vanquished Creatures (others)
  A komodo dragon (Lair:2)
  A bloated husk (Swamp:1)
  A yak (Lair:4)
  20 foxfires
23 creatures vanquished.

Grand Total: 1212 creatures vanquished

Notes
Turn   | Place    | Note
-------+----------+-------------------------------------------
     0 | D:1      | shadizar the Gargoyle Earth Elementalist began the quest
                  | for the Orb.
     0 | D:1      | Reached XP level 1. HP: 10/10 MP: 3/3
    22 | D:1      | Found Oviacrat's Magic Scroll Emporium.
   160 | D:1      | Reached XP level 2. HP: 15/15 MP: 0/5
   339 | D:1      | Found a faded altar of an unknown god.
   401 | D:1      | Reached skill level 4 in Earth Magic
   980 | D:2      | Reached XP level 3. HP: 19/19 MP: 4/6
  1083 | D:2      | Noticed Robin
  1190 | D:2      | Killed Robin
  1252 | D:2      | Reached XP level 4. HP: 24/24 MP: 5/8
  1534 | D:2      | Noticed Natasha
  1537 | D:2      | Killed Natasha
  1671 | D:2      | Noticed Natasha
  1676 | D:2      | Killed Natasha
  1677 | D:2      | Reached XP level 5. HP: 26/28 MP: 5/9
  1729 | D:2      | Found Evyts's Jewellery Emporium.
  1838 | D:2      | Learned a level 3 spell: Stone Arrow
  1952 | D:2      | Noticed Natasha
  1956 | D:2      | Killed Natasha
  1957 | D:2      | Reached skill level 5 in Earth Magic
  2768 | D:4      | Reached skill level 6 in Earth Magic
  2768 | D:4      | Reached XP level 6. HP: 32/32 MP: 7/10
  2883 | D:4      | Reached skill level 7 in Earth Magic
  2973 | D:4      | Found a transporter.
  2973 | D:4      | Noticed Nilihum's ghost (amateur CoAr)
  3042 | D:4      | Found a staircase to the Ecumenical Temple.
  3059 | Temple   | Entered the Ecumenical Temple
  3102 | Temple   | Became a worshipper of Vehumet
  3184 | D:4      | Reached XP level 7. HP: 36/36 MP: 4/11
  3187 | D:4      | Reached skill level 8 in Earth Magic
  3293 | D:4      | Found Ownyo's Self-Improvement Boutique.
  3430 | D:4      | Found a snail-covered altar of Cheibriados.
  3540 | D:4      | Found a transporter.
  3696 | D:4      | Found an opulent altar of Gozag.
  3832 | D:5      | Entered Level 5 of the Dungeon
  3878 | D:5      | Reached skill level 9 in Earth Magic
  3965 | D:5      | Reached skill level 1 in Fighting
  4142 | D:5      | Reached XP level 8. HP: 48/48 MP: 10/12
  4185 | D:5      | Reached * piety under Vehumet
  4185 | D:5      | Offered knowledge of Sting by Vehumet.
  4309 | D:5      | Reached skill level 5 in Fighting
  4475 | D:5      | Noticed Ijyb
  4482 | D:5      | Killed Ijyb
  5080 | D:6      | Noticed Prince Ribbit
  5082 | D:6      | Killed Prince Ribbit
  5380 | D:6      | Found a basalt altar of Yredelemnul.
  5510 | D:6      | Reached XP level 9. HP: 60/60 MP: 9/13
  6052 | D:7      | Identified the +1 robe of the Ego {rC++}
  6186 | D:7      | Found Cuupt's Magic Scroll Emporium.
  6403 | D:7      | Noticed Jeremiah
  6546 | D:7      | Found a runed translucent door.
  6548 | D:7      | Noticed Crazy Yiuf
  6687 | D:7      | Offered knowledge of Mercury Vapours by Vehumet.
  6695 | D:7      | Reached ** piety under Vehumet
  6962 | D:7      | Killed Jeremiah
  7265 | D:8      | Reached skill level 5 in Conjurations
  7265 | D:8      | Reached skill level 10 in Earth Magic
  7627 | D:8      | Reached skill level 5 in Spellcasting
  7627 | D:8      | Reached XP level 10. HP: 53/66 MP: 10/17
  8019 | D:8      | Found a shadowy altar of Dithmenos.
  8020 | D:8      | Found a sacrificial altar of Ru.
  8684 | D:9      | Reached skill level 1 in Armour
  8706 | D:9      | Offered knowledge of Inner Flame by Vehumet.
  8737 | D:9      | Noticed Grum
  8741 | D:9      | Killed Grum
  8850 | D:9      | Noticed Harold
  8855 | D:9      | Killed Harold
  8856 | D:9      | Reached skill level 11 in Earth Magic
  8986 | D:9      | Noticed an orange demon
  8987 | D:9      | Noticed Amaemon
  9088 | D:9      | Killed an orange demon
  9088 | D:9      | Reached *** piety under Vehumet
  9402 | D:9      | Noticed a two-headed ogre
  9409 | D:8      | Killed a two-headed ogre
  9410 | D:8      | Reached XP level 11. HP: 34/71 MP: 8/20
  9662 | D:9      | Killed Amaemon
  9854 | D:9      | Found a hazy altar of Hepliaklqana.
  9951 | D:9      | Offered knowledge of Mephitic Cloud by Vehumet.
 10221 | D:10     | Entered Level 10 of the Dungeon
 10393 | D:10     | Reached **** piety under Vehumet
 10428 | D:10     | Offered knowledge of Fulminant Prism by Vehumet.
 10572 | D:10     | Reached skill level 12 in Earth Magic
 10821 | D:10     | Found a staircase to the Lair.
 11094 | D:10     | Found a staircase to the Orcish Mines.
 11196 | D:10     | Noticed Gastronok
 11204 | D:10     | Killed Gastronok
 11515 | Lair:1   | Entered Level 1 of the Lair of Beasts
 11521 | Lair:1   | Reached skill level 10 in Fighting
 11648 | Lair:1   | Reached XP level 12. HP: 77/77 MP: 18/23
 12230 | Lair:1   | Reached skill level 13 in Earth Magic
 12705 | Lair:2   | Reached skill level 5 in Armour
 12808 | Lair:2   | Noticed a five-headed hydra
 12810 | Lair:2   | Found a sacrificial altar of Ru.
 12815 | Lair:2   | Killed a five-headed hydra
 12863 | Lair:2   | You fall into a shaft and drop 2 floors!
 12882 | Lair:4   | Reached ***** piety under Vehumet
 12887 | Lair:4   | Offered knowledge of Iskenderun's Mystic Blast by Vehumet.
 13021 | Lair:4   | Reached skill level 10 in Conjurations
 13119 | Lair:3   | Noticed a four-headed hydra
 13122 | Lair:3   | Killed a four-headed hydra
 13134 | Lair:3   | Reached skill level 5 in Dodging
 13254 | Lair:3   | Reached XP level 13. HP: 83/83 MP: 13/26
 13719 | Lair:3   | Learned a level 4 spell: Iskenderun's Mystic Blast
 13783 | Lair:3   | Reached skill level 14 in Earth Magic
 13792 | Lair:3   | Reached skill level 1 in Translocations
 13901 | Lair:3   | Found a hole to the Spider Nest.
 15167 | Lair:2   | Reached skill level 5 in Translocations
 15570 | Lair:2   | Found a staircase to the Swamp.
 15636 | Lair:2   | Reached skill level 10 in Spellcasting
 16688 | Lair:4   | Offered knowledge of Eringya's Noxious Bog by Vehumet.
 16828 | Lair:4   | Gained mutation: Your large and strong wings let you fly.
                  | [Gargoyle growth]
 16828 | Lair:4   | Reached XP level 14. HP: 88/88 MP: 28/28
 17303 | Lair:5   | Entered Level 5 of the Lair of Beasts
 17679 | Lair:5   | Found a viscous altar of Jiyva.
 17679 | Lair:5   | Found a staircase to the Slime Pits.
 17940 | Lair:5   | Identified the +3 buckler "Rehal" {Str+2 Dex+3}
 18267 | Lair:5   | Reached skill level 1 in Shields
 18547 | Lair:5   | Reached skill level 10 in Translocations
 19395 | Lair:5   | Identified the +1 cloak "Xupsi" {rElec rPois}
 19620 | Orc:1    | Entered Level 1 of the Orcish Mines
 19703 | Orc:1    | Noticed Josephine
 19712 | Orc:1    | Offered knowledge of Lee's Rapid Deconstruction by Vehumet.
 19952 | Orc:1    | Killed Josephine
 20488 | Orc:1    | Found a runed translucent gate.
 20540 | Orc:1    | Found a runed translucent gate.
 20545 | Orc:1    | Found a runed translucent gate.
 20548 | Orc:1    | Noticed Foklal's ghost (journeyman HOFi)
 20815 | Orc:1    | Found Deigho's Weapon Shop.
 21031 | Orc:2    | Entered Level 2 of the Orcish Mines
 21036 | Orc:2    | Noticed an orc warlord
 21038 | Orc:2    | Learned a level 5 spell: Lee's Rapid Deconstruction
 21387 | Orc:2    | Offered knowledge of Iskenderun's Battlesphere by Vehumet.
 21404 | Orc:2    | Killed an orc warlord
 21522 | Orc:2    | Found Vugad's Antique Armour Shop.
 21553 | Orc:2    | Found a staircase to the Elven Halls.
 21595 | Orc:2    | Reached XP level 15. HP: 84/95 MP: 24/29
 21651 | Orc:2    | Found Futten's General Store.
 21672 | Orc:2    | Found a roughly hewn altar of Beogh.
 21773 | Orc:2    | Found a bloodstained altar of Trog.
 21794 | Orc:2    | Found Wiuxzaq's Antique Weapon Shoppe.
 21979 | Orc:2    | Found Wiet's Jewellery Shoppe.
 22122 | Orc:2    | Bought a pitted scarf for 290 gold pieces
 22122 | Orc:2    | Identified the scarf of Ygud {shadows, Int+3 Dex+4} (You
                  | bought it in a shop on level 2 of the Orcish Mines)
 22333 | D:11     | Reached skill level 15 in Earth Magic
 22353 | D:11     | Found a frozen archway.
 22369 | IceCv    | Entered an ice cave
 22882 | IceCv    | Found the +4 skin of Zhor {*Englaciate rC+++ SInv}
 22912 | IceCv    | Found an ancient bone altar of Kikubaaqudgha.
 23606 | D:11     | Found Dulafeczo's Antique Weapon Shop.
 24476 | D:11     | Reached skill level 16 in Earth Magic
 24728 | D:12     | Noticed Azrael
 24739 | D:12     | Killed Azrael
 24968 | D:12     | Identified the +0 cloak of Asceticism {rC+}
 25589 | D:12     | Offered knowledge of Bombard by Vehumet.
 26885 | D:13     | Noticed Urug
 26896 | D:13     | Killed Urug
 27500 | D:14     | Reached XP level 16. HP: 101/101 MP: 27/30
 27528 | D:14     | Found a gate to the Vaults.
 27606 | D:14     | Found an ornate altar of the Wu Jian Council.
 27809 | D:14     | Found Muboaf's Book Shop.
 28340 | D:14     | Learned a level 6 spell: Bombard
 28533 | Swamp:1  | Entered Level 1 of the Swamp
 29925 | Swamp:2  | Offered knowledge of Conjure Ball Lightning by Vehumet.
 30617 | Swamp:2  | Found a blossoming altar of Fedhas.
 31293 | Swamp:3  | Identified the serpent talisman of Johischa {Will+ Str-5
                  | SInv}
 31293 | Swamp:3  | Noticed Aizul
 31513 | Swamp:3  | Reached skill level 17 in Earth Magic
 31601 | Swamp:3  | Killed Aizul
 32696 | Swamp:3  | Got the Grimoire of the Magnum Opus and the Atmosphere
 32747 | Swamp:3  | Reached skill level 15 in Conjurations
 32879 | Swamp:4  | Entered Level 4 of the Swamp
 32889 | Swamp:4  | Reached XP level 17. HP: 50/106 MP: 19/32
 33345 | Swamp:4  | Reached skill level 18 in Earth Magic
 33389 | Swamp:4  | Offered knowledge of Ozocubu's Refrigeration by Vehumet.
 34046 | Swamp:4  | Noticed a tentacled monstrosity
 34171 | Swamp:4  | Killed a tentacled monstrosity
 34375 | Swamp:4  | Got a decaying rune of Zot
 34966 | Spider:1 | Entered Level 1 of the Spider Nest
 35332 | Spider:1 | Noticed Frances
 35349 | Spider:1 | Killed Frances
 35635 | Spider:1 | Reached skill level 19 in Earth Magic
 35775 | Spider:1 | Reached ****** piety under Vehumet
 35849 | Spider:1 | Offered knowledge of Lehudib's Crystal Spear by Vehumet.
 35849 | Spider:1 | Offered knowledge of Shatter by Vehumet.
 35849 | Spider:1 | Offered knowledge of Polar Vortex by Vehumet.
 36153 | Spider:1 | Identified the +0 cloak "Gatyt" {-Cast Rampage rCorr}
 36458 | Spider:1 | Found a runed translucent door.
 36463 | Spider:1 | Noticed Patate's ghost (journeyman MiGl)
 37204 | Spider:2 | Reached XP level 18. HP: 112/112 MP: 22/33
 37339 | Spider:2 | Noticed Jorgrun
 37343 | Spider:2 | Killed Jorgrun
 37710 | Spider:2 | Noticed Nikola
 37801 | Spider:2 | Killed Nikola
 38531 | Spider:3 | Reached skill level 20 in Earth Magic
 38789 | Spider:3 | Found a transporter.
 38975 | Spider:3 | Found a transporter.
 38983 | Spider:3 | Noticed Arachne
 38996 | Spider:3 | Killed Arachne
 39813 | D:2      | Bought the ring "Zageynuz" {+Blink rF+ MP+9 Dex+6} for 1062
                  | gold pieces
 39813 | D:2      | Bought the amulet of Borruete {rPois RegenMP+ rCorr} for
                  | 655 gold pieces
 40129 | Spider:4 | Entered Level 4 of the Spider Nest
 40601 | Spider:4 | Learned a level 8 spell: Lehudib's Crystal Spear
 40611 | Spider:4 | Learned a level 9 spell: Shatter
 41009 | Spider:4 | Reached skill level 21 in Earth Magic
 41108 | Spider:4 | Got a gossamer rune of Zot
 41634 | D:15     | Entered Level 15 of the Dungeon
 41744 | D:15     | Reached XP level 19. HP: 116/116 MP: 27/35
 41877 | D:15     | Found a staircase to the Depths.
 41887 | D:15     | Found a radiant altar of Vehumet.
 42005 | D:15     | Reached skill level 22 in Earth Magic
 42721 | Vaults:1 | Entered Level 1 of the Vaults
 43031 | Vaults:1 | Reached skill level 23 in Earth Magic
 43183 | Vaults:1 | Shot with an arrow by a centaur warrior

Illustrated notes

Levels and vault maps discovered:
D:1:      dpeg_arrival_erosion, layout_basic, serial_shops,
          nicolae_shop_waterfront, ebering_ecumenical_altar_hall
D:2:      layout_basic, serial_shops, shop, uniq_natasha, uniq_robin
D:3:      layout_rooms
D:4:      layout_rooms, mainiacjoe_overflow_surrounded_room,
          lemuel_coloured_pillars_altar, minmay_temple_entry_crystal_x,
          gammafunk_ghost_mausoleum, nicolae_shop_self_help
D:5:      layout_basic, minmay_liquid_box, uniq_ijyb
D:6:      layout_loops_cross, yredelemnul_altar_generic, uniq_prince_ribbit1
D:7:      layout_loops_ring, serial_shops, shop, uniq_jeremiah,
          uniq_crazy_yiuf_cottage
D:8:      layout_loops_corners, mainiacjoe_overflow_divided_tiny, worms_lemuel
D:9:      layout_irregular_city, nicolae_hepliaklqana_monster_ancestors,
          uniq_amaemon, uniq_harold, uniq_grum
D:10:     layout_roguey, erik_lair_orcish_takeover, hiddenorc1_lemuel,
          uniq_gastronok
D:11:     layout_irregular_city, serial_shops, nicolae_shop_hallway_plus,
          portal_ice_cave_entry_pillars_1, minmay_radiant
D:12:     layout_loops_ring, serial_bayou, serial_bayou_pond_e,
          serial_bayou_crossing, serial_bayou_ford_a, serial_bayou_lake_a,
          serial_bayou_pond_e, serial_bayou_pond_c,
          hangedman_decor_diamond_cutter, uniq_azrael
D:13:     layout_roguey, uniq_urug
D:14:     layout_irregular_city, david_vaults_2, serial_shops, shop,
          nzn_wu_jian_council_hall
D:15:     gammafunk_depths_entry_grave, layout_rooms,
          nicolae_vehumet_altar_sigil, serial_ice, serial_ice_e, serial_ice_k,
          serial_ice_m, serial_ice_c, evilmike_minifort
Temple:   nicolae_temple_elliptical
Lair:1:   layout_cave_pods, nicolae_quartered_pool_super, evilmike_ambush
          [evilmike_ambush_outer_basic, evilmike_ambush_inner_pond]
Lair:2:   layout_regular_city, palyth_hydra_swamp_entry, basic_altar,
          nzn_random_ring, lemuel_fruit_tree
Lair:3:   layout_roguey, spider_nest_entry_web_field, grunt_megastairs_1
Lair:4:   layout_cave_shapes, minmay_lair_drake_nest
Lair:5:   grunt_lair_end_beastmaster, layout_small_grid,
          nicolae_slime_entry_field_trip
Swamp:1:  layout_basic_swamp, evilmike_swamp_ruin_house_4
Swamp:2:  layout_basic_swamp, nicolae_swamp_godswood
Swamp:3:  layout_basic_swamp, nicolae_swamp_trees_clearing, uniq_aizul
Swamp:4:  swamp_fiery, layout_basic_swamp, swamp_pool_3,
          nicolae_swamp_soggy_hallways, infiniplex_staircase_pool_2
Spider:1: layout_cave_pods, ebering_ghost_inner_flame, uniq_frances
Spider:2: layout_spider_delve, uniq_nikola, uniq_jorgrun
Spider:3: gammafunk_sealed_arena, uniq_arachne
Spider:4: spider_rune_water
Orc:1:    layout_caves, ebering_ghost_rock_garden, serial_shops,
          nicolae_shop_bloodbath_and_beyond, uniq_josephine
Orc:2:    grunt_orc_gardens, layout_diamond_mine, grunt_orc_garden,
          grunt_orc_garden, grunt_orc_garden, grunt_orc_garden, basic_altar,
          nicolae_orc_sculptors_studio, mines1_david
Vaults:1: nicolae_vaults_door_testing_chamber, ontoclasm_vaults_pinch,
          nicolae_vaults_sightless_eye, nicolae_vaults_apartment_2,
          vaults_room_semicircle, nicolae_vaults_little_squares_3,
          nicolae_vaults_surprise_closet, vaults_room_corners,
          vaults_mumra_hexcomb, layout_vaults_omnigrid

Skill      XL: |  1  2  3  4  5  6  7  8  9 10 11 12 13 14 15 16 17 18 19 |
---------------+----------------------------------------------------------+-----
Earth Magic    | 4 6 7 9 10 11 12 13 14 16 17 19 21 23 | 23.0
Conjurations   | 2 3 5 7 9 10 11 13 15 17 18 | 18.2
Spellcasting   | 3 5 6 7 9 10 11 12 | 12.4
Fighting       | 3 8 9 10 11 12 | 12.2
Armour         | 3 4 6 7 |  7.0
Dodging        | 3 5 6 |  6.3
Translocations | 7 10 12 | 12.0
Shields        | 4 |  4.1
Stealth        | |  2.1

Action                     |  1- 3 |  4- 6 |  7- 9 | 10-12 | 13-15 | 16-18 | 19-21 || total
---------------------------+-------+-------+-------+-------+-------+-------+-------++-------
  Melee: Unarmed           |     6 |       |       |       |       |       |       ||     6
         War axe           |       |       |     7 |       |       |       |       ||     7
         Staff             |       |       |     2 |     1 |    47 |    18 |       ||    68
   Cast: Sandblast         |    40 |    79 |   136 |   223 |   455 |   436 |    60 ||  1429
         Stone Arrow       |       |     3 |    29 |   129 |   258 |   273 |       ||   692
         Iskenderun's Myst |       |       |       |       |   208 |   287 |    73 ||   568
         Bombard           |       |       |       |       |       |    53 |     8 ||    61
         Lee's Rapid Decon |       |       |       |       |       |     3 |       ||     3
         Lehudib's Crystal |       |       |       |       |       |       |     1 ||     1
    Use: Scroll            |       |       |    21 |     6 |     5 |     3 |     2 ||    37
         Potion            |       |       |       |     1 |     1 |     2 |     1 ||     5
 Armour: Robe              |    19 |    36 |    21 |   169 |   118 |       |       ||   363
         Leather armour    |       |       |    56 |       |   140 |       |       ||   196
         Animal skin       |       |       |       |       |    33 |   353 |    36 ||   422
         Skin              |       |       |       |       |       |       |     7 ||     7
  Dodge: Dodged            |     9 |    40 |    40 |   146 |   447 |   395 |    37 ||  1114
  Block: Buckler           |       |       |       |       |   117 |   207 |    17 ||   341

Table legend: (Time is in decaauts)
 A = Elapsed time spent in this place.
 B = Non-inter-level travel time spent in this place.
 C = Inter-level travel time spent in this place.
 D = Time resting spent in this place.
 E = Time spent auto-exploring this place.
 F = Levels seen in this place.
 G = Mean time per level.
                   A        B        C        D        E       F      G
               +--------+--------+--------+--------+--------+-----+--------+
         Total |  44008 |  42124 |   1884 |      0 |  33203 |  33 | 1333.6 |
       Dungeon |  18851 |  17731 |   1120 |      0 |  14359 |  15 | 1256.7 |
        Temple |     99 |     99 |      0 |      0 |      0 |   1 |   99.0 |
          Lair |   8550 |   8141 |    409 |      0 |   6571 |   5 | 1710.0 |
         Swamp |   6481 |   6374 |    107 |      0 |   5236 |   4 | 1620.2 |
   Spider Nest |   6037 |   5803 |    234 |      0 |   4185 |   4 | 1509.2 |
  Orcish Mines |   2374 |   2362 |     12 |      0 |   1774 |   2 | 1187.0 |
        Vaults |    413 |    413 |      0 |      0 |    283 |   1 |  413.0 |
      Ice Cave |   1199 |   1199 |      0 |      0 |    793 |   1 | 1199.0 |
               +--------+--------+--------+--------+--------+-----+--------+

Top non-repeatable levels by time:
  Lair:2: 2242 daAuts
  Lair:5: 2108 daAuts
Spider:2: 2016 daAuts
Spider:1: 1959 daAuts
 Swamp:2: 1937 daAuts
    D:10: 1886 daAuts
 Swamp:3: 1861 daAuts
     D:8: 1833 daAuts
  Lair:3: 1713 daAuts
    D:12: 1449 daAuts
     D:9: 1441 daAuts
 Swamp:4: 1412 daAuts
   Orc:1: 1405 daAuts
  Lair:1: 1403 daAuts
    D:13: 1323 daAuts
